 Seeded DCSS version 0.29.1-1-gd02db6906a (webtiles) character file.

Game seed: 20221014 (custom seed)

6 jessy the Poker (level 1, 0/16 HPs)
             Began as a Merfolk Gladiator on Oct 14, 2022.
             Slain by a hobgoblin (2 damage)
             ... on level 1 of the Dungeon.
             The game lasted 00:01:12 (158 turns).

jessy the Poker (Merfolk Gladiator)                  Turns: 158, Time: 00:01:12

Health: 0/16       AC:  6    Str: 14    XL:     1   Next: 90%
Magic:  1/1        EV: 12    Int:  7    God:
Gold:   13         SH:  0    Dex: 15    Spells: 0/0 levels left

rFire   . . .      SeeInvis .   a - +0 trident
rCold   . . .      Faith    .   (no shield)
rNeg    . . .      Spirit   .   g - +0 ring mail
rPois   .          Reflect  .   c - +0 helmet
rElec   .          Harm     .   (no cloak)
rCorr   .          Rampage  .   (no gloves)
Will    .....                   (no boots)
Stlth   +.........              (no amulet)
HPRegen 0.05/turn               (no ring)
MPRegen 0.07/turn               (no ring)

@: no status effects
A: (nimble swimmer 2), mertail
a: no special abilities


You were on level 1 of the Dungeon.
You visited 1 branch of the dungeon, and saw 1 of its levels.

You collected 13 gold pieces.

Inventory:

Hand Weapons
 a - a +0 trident (weapon)
 h - a +0 falchion
 i - a +0 dagger
Missiles
 d - 3 throwing nets (quivered)
 e - a javelin
Armour
 b - a +0 leather armour
 c - a +0 helmet (worn)
 g - a +0 ring mail (worn)
 j - a +0 robe


   Skills:
 + Level 2.2 Fighting
 + Level 4.4 Polearms
 + Level 2.0 Throwing
 + Level 4.2 Dodging


You couldn't memorise any spells.
You didn't know any spells.
Your spell library was empty.

Dungeon Overview and Level Annotations

Branches:
Dungeon (1/15)

Altars:


Innate Abilities, Weirdness & Mutations

((You are very nimble when in or above water. (Stealth+, EV+, Speed+++)))
Your lower body shifts to a powerful aquatic tail in water.


Message History

The bat barely misses you. The giant cockroach closely misses you.
The bat hits you but does no damage. The kobold barely misses you.
The quokka bites you. The giant cockroach misses you.
You miss the kobold. The bat barely misses you. The bat closely misses you.
The quokka bites you. The kobold hits you but does no damage.
The hobgoblin misses you. The giant cockroach barely misses you.
Unknown command.
Blink to where?
Press: ? - help, Dir - move target, f - giant cockroach
Aim: a giant cockroach (heavily wounded) Blink to where?
Press: ? - help, Dir - move target, f - you Blink to where?
Press: ? - help, Dir - move target, f - you Blink to where?
Press: ? - help, Dir - move target, f - kobold
Aim: a kobold, wielding a +0 whip
Okay, then.
As you read the scroll labelled USOBUPT LELO, it crumbles to dust.
It was a scroll of blinking.
The bat hits you but does no damage. The quokka closely misses you.
The giant cockroach bites you. The kobold closely misses you.
The hobgoblin barely misses you.
You hit the giant cockroach but do no damage.
The giant cockroach is heavily wounded.
The bat closely misses you. The quokka bites you.
The giant cockroach bites you but does no damage.
The kobold hits you with a +0 whip.
* * * LOW HITPOINT WARNING * * *
The hobgoblin misses you. The quokka completely misses you.
You hit the giant cockroach but do no damage.
The giant cockroach is heavily wounded.
The bat hits you but does no damage.
The giant cockroach bites you but does no damage.
The kobold hits you but does no damage. The hobgoblin closely misses you.
The bat hits you but does no damage. The quokka barely misses you.
The giant cockroach bites you.
* * * LOW HITPOINT WARNING * * *
The kobold attacks as you move away! The kobold closely misses you.
The bat hits you but does no damage. The hobgoblin hits you.
You die...

## .# .# ##.######
######.....#..
####...#.........
.................
#...@bK.[.....
####.gBr.......
...............
....##..........
###...............
###............ #
. #........... #
.. #.>....#.$..#
...#......#..#.##


You could see a quokka, a giant cockroach, a hobgoblin, a bat and a kobold.

Vanquished Creatures
  2 jackals (D:1)
  2 quokkas (D:1)
  A kobold (D:1)
5 creatures vanquished.

Vanquished Creatures (others)
  3 fungi (D:1)
3 creatures vanquished.

Grand Total: 8 creatures vanquished

Notes
Turn   | Place    | Note
-------+----------+-------------------------------------------
     0 | D:1      | jessy the Merfolk Gladiator began the quest for the Orb.
     0 | D:1      | Reached XP level 1. HP: 16/16 MP: 1/1
   158 | D:1      | Slain by a hobgoblin

Illustrated notes

Levels and vault maps discovered:
D:1:      scummos_arrival_checkerplants, layout_rooms

Action                   || total
-------------------------++-------
Melee: Trident           ||    28
       Punch             ||     1
  Use: Scroll            ||     1
Armor: Ring mail         ||    26
Dodge: Dodged            ||    53
